[Event "Titled Tuesday Blitz June 28 Early 2022"]
[White "Sargissyan, Sargis"]
[Black "Martinez Alcantara, Jose Eduardo"]
[WhiteFideId "13303210"]
[BlackFideId "3805662"]
[WhiteElo "2174"]
[BlackElo "2703"]
[Result "1-0"]
[Round "08"]
[TimeControl "180+1"]
[Date "2022.06.28"]
[WhiteClock "0:00:08"]
[BlackClock "0:00:28"]

1. e4 g6 2. d4 Bg7 3. Nc3 a6 4. f4 b5 5. Nf3 Bb7 6. Bd3 e6 7. e5 Ne7 8. Ne4 Nd5 9. O-O Nc6 10. a3 d6 11. Qe1 Nce7 12. b3 Nf5 13. c4 Nde7 14. Nf6+ Bxf6 15. exf6 Ng8 16. d5 Nxf6 17. dxe6 fxe6 18. Bb2 Qe7 19. Ng5 Kd7 20. cxb5 axb5 21. Bxb5+ c6 22. Bc4 d5 23. Bd3 Rhe8 24. Rc1 Qd8 25. Qb4 Rb8 26. Nf7 Qe7 27. Ne5+ Kc8 28. Nxc6 Qxb4 29. Nxb4+ Kd7 30. Bxf6 Rbc8 31. Bxf5 exf5 32. Be5 g5 33. Rfd1 gxf4 34. Bxf4 Rxc1 35. Rxc1 Re4 36. Bg3 f4 37. Bf2 Re2 38. Rd1 Kd6 39. Nd3 Ra2 40. a4 Rc2 41. Nxf4 Rc3 42. b4 Ra3 43. a5 Rb3 44. Bc5+ Kc6 45. Nd3 Kb5 46. Ne5 Rb2 47. Rd4 Bc8 48. Rxd5 Bb7 49. Rd3 Rxg2+ 50. Kf1 Rxh2 51. Rd7 Ba6 52. Rd6 Bc8 53. Rb6+ Ka4 54. a6 Bh3+ 55. Ke1 Bg2 56. a7 Kb3 57. Rb8 Rh1+ 58. Kf2 Bd5 59. a8=Q Bxa8 60. Rxa8 h5 61. Rh8 Ka4 62. Kg2 Rh4 63. Nf3 Rg4+ 64. Kf2 Rf4 65. Rxh5 Rf7 66. Bd6 Rb7 67. Ra5+ Kb3 68. b5 Kc4 69. Nd4 Kxd4 70. b6 Kc4 71. Bc5 Kd5 72. Be3+ Kc6 73. Ke2 Rh7 74. Ra3 Kb7 75. Rc3 Rh2+ 76. Kd3 Rh7 77. Rb3 Rd7+ 78. Ke2 Rf7 79. Kd3 Rd7+ 80. Bd4 Rd8 81. Rc3 Rd7 82. Rc1 Re7 83. Rh1 Rd7 84. Ra1 Kc6 85. Kc4 Rd8 86. Ra7 Rc8 87. Kb4 Kd5 88. Be3 Kc6 89. Bd4 Kd5 90. Bf2 Kc6 91. Be3 Re8 92. Rc7+ Kd6 93. Bc5+ Kd5 94. Kb5 Re1 95. Rd7+ Ke6 96. Rd6+ Ke5 97. b7 Rb1+ 98. Kc6 Rc1 99. Rd8 Ke4 100. b8=Q Kf3 101. Rf8+ Ke2 102. Qe5+ Kd3 103. Rf3+ Kc2 104. Rc3+ Kb1 105. Rxc1+ Ka2 106. Ra1+ Kb3 107. Qd5+ Kc2 108. Bd4 Kd3 109. Ra3+ Ke2 110. Qf3+ Kd2 111. Qf2+ Kc1 112. Ra1# 1-0


[Site "https://www.chess.com"]

[Event "Titled Tuesday Blitz June 28 Early 2022"]
[White "Sargsyan, Anna M."]
[Black "Buscar, Michael"]
[WhiteFideId "13308130"]
[BlackFideId "2603616"]
[WhiteElo "2271"]
[BlackElo "2010"]
[Result "0-1"]
[Round "08"]
[TimeControl "180+1"]
[Date "2022.06.28"]
[WhiteClock "0:00:02"]
[BlackClock "0:00:20"]

1. d4 d5 2. c4 e6 3. Nf3 a6 4. Nc3 Nf6 5. Bg5 Be7 6. e3 dxc4 7. Bxc4 b5 8. Bd3 Bb7 9. O-O O-O 10. a4 b4 11. Bxf6 bxc3 12. Bxe7 Qxe7 13. bxc3 c5 14. Rb1 Bc6 15. Ne5 Bd5 16. c4 Bb7 17. dxc5 Bxg2 18. Bxh7+ Kxh7 19. Qh5+ Kg8 20. Kxg2 Qxc5 21. Qf3 Ra7 22. Qg3 Nc6 23. Ng4 f5 24. Nh6+ Kh7 25. Rg1 Kxh6 26. Kh1 Kh7 27. Qg6+ Kg8 28. Qxe6+ Raf7 29. Rg6 Ne5 30. Rg3 Qc6+ 31. Qd5 Qxd5+ 32. cxd5 Rd8 33. f4 Nc4 34. Rc1 Nd6 35. Rc6 Ne4 36. Rg1 Rxd5 37. Rxa6 Rd2 38. Rf1 Rc7 39. Ra8+ Kh7 40. Rf8 Rcc2 41. Re1 Rxh2+ 42. Kg1 Rcg2+ 43. Kf1 Ng3# 0-1


[Site "https://www.chess.com"]

[Event "Titled Tuesday Blitz June 28 Early 2022"]
[White "Seo, Jung Min"]
[Black "Kamsky, Gata"]
[WhiteFideId "1734687"]
[BlackFideId "2000024"]
[WhiteElo "2805"]
[BlackElo "2947"]
[Result "1/2-1/2"]
[Round "08"]
[TimeControl "180+1"]
[Date "2022.06.28"]
[WhiteClock "0:00:36"]
[BlackClock "0:00:15"]

1. d4 Nf6 2. c4 e6 3. Nc3 Bb4 4. Qc2 c5 5. dxc5 Nc6 6. Nf3 Qc7 7. g3 O-O 8. Bg2 Bxc5 9. O-O b6 10. Nb5 Qd8 11. Bf4 a6 12. Nd6 Nh5 13. Nxc8 Nxf4 14. gxf4 Rxc8 15. Rad1 Qc7 16. e3 Be7 17. b3 b5 18. cxb5 axb5 19. Qd3 d5 20. Qxb5 Nb4 21. a4 Na2 22. Ra1 Nc3 23. Qd3 Qa5 24. Ne5 Rc7 25. Rfc1 Rfc8 26. Kh1 g6 27. Bf3 Bf6 28. Kg2 Rb8 29. b4 Qxb4 30. a5 Bxe5 31. fxe5 Ra8 32. a6 Raa7 33. Rc2 Nb5 34. Rxc7 Nxc7 35. Be2 Qb2 36. Rb1 Qxe5 37. Rb7 Rxa6 38. Rxc7 Qg5+ 39. Kh3 Qh6+ 40. Kg2 Qg5+ 41. Kh3 Ra4 42. f4 Qf6 43. Bd1 Ra1 44. Bf3 Kg7 45. Qc3 Qxc3 46. Rxc3 Ra4 47. Kg3 d4 48. exd4 Rxd4 49. Re3 Kf6 50. Re4 Rxe4 51. Bxe4 e5 52. Bd5 exf4+ 53. Kxf4 Kg7 54. h4 f6 55. Bc4 g5+ 56. hxg5 fxg5+ 57. Kxg5 h5 58. Kxh5 1/2-1/2


[Site "https://www.chess.com"]

[Event "Titled Tuesday Blitz June 28 Early 2022"]
[White "Sevian, Samuel"]
[Black "Atabayev, Saparmyrat"]
[WhiteFideId "2040506"]
[BlackFideId "14000571"]
[WhiteElo "2692"]
[BlackElo "2483"]
[Result "1-0"]
[Round "08"]
[TimeControl "180+1"]
[Date "2022.06.28"]
[WhiteClock "0:02:28"]
[BlackClock "0:00:53"]

1. d4 d5 2. c4 e5 3. dxe5 d4 4. Nf3 Nc6 5. Nbd2 Nge7 6. a3 Ng6 7. Nb3 Be6 8. Nbxd4 Nxd4 9. Qxd4 Qxd4 10. Nxd4 Bxc4 11. Nf3 O-O-O 12. Bd2 Bd5 13. Bc3 Bc5 14. e3 Rhe8 15. O-O-O Bxf3 16. gxf3 Rxd1+ 17. Kxd1 Nxe5 18. Bh3+ Kb8 19. f4 Nd3 20. Rf1 Bf8 21. Bf5 Nc5 22. Bxh7 g6 23. f5 g5 24. f6 Bd6 25. Rg1 Rh8 26. Rxg5 a6 27. Rg7 Ne6 28. Rg8+ Rxg8 29. Bxg8 Nd8 30. h4 Kc8 31. h5 Bf8 32. e4 Kd7 33. f4 Bh6 34. f5 Ke8 35. e5 Kf8 36. Bh7 c5 37. Bd2 Bxd2 38. Kxd2 b5 39. h6 a5 40. Kc3 a4 41. Bg6 fxg6 42. h7 b4+ 43. axb4 cxb4+ 44. Kxb4 Nc6+ 45. Kxa4 Nxe5 46. h8=Q+ Kf7 47. fxg6+ Kxg6 48. Qg7+ Kf5 49. f7 Nd3 50. f8=Q+ Ke4 51. Qg6+ Kd4 52. Qxd3+ Kxd3 53. Qc5 Ke4 54. b4 Kf3 55. b5 Ke2 56. b6 Kd3 57. b7 Ke4 58. b8=Q Kf3 59. Qbf8+ Kg4 60. Qg1+ 1-0


[Site "https://www.chess.com"]

[Event "Titled Tuesday Blitz June 28 Early 2022"]
[White "Shuvalov, Evgenij"]
[Black "Dwilewicz, Katarzyna"]
[WhiteFideId "4187237"]
[BlackFideId "1148486"]
[WhiteElo "2023"]
[BlackElo "1907"]
[Result "1-0"]
[Round "08"]
[TimeControl "180+1"]
[Date "2022.06.28"]
[WhiteClock "0:00:20"]
[BlackClock "0:01:25"]

1. b4 b6 2. e4 Bb7 3. Nc3 e6 4. Rb1 d5 5. e5 d4 6. Nb5 a6 7. Na3 Nc6 8. b5 axb5 9. Nxb5 Nxe5 10. Bb2 c5 11. c3 dxc3 12. Bxc3 Nd3+ 13. Bxd3 Qxd3 14. Nc7+ Kd7 15. Nxa8 Bxg2 16. Nxb6+ Kc6 17. Qa4+ Kb7 18. Qa8+ Kc7 19. Qc8+ Kd6 20. Qd7# 1-0


[Site "https://www.chess.com"]

[Event "Titled Tuesday Blitz June 28 Early 2022"]
[White "Silva Lucena, Cristian"]
[Black "Shohat, Yotam"]
[WhiteFideId "2232588"]
[BlackFideId "2813955"]
[WhiteElo "2223"]
[BlackElo "2119"]
[Result "1-0"]
[Round "08"]
[TimeControl "180+1"]
[Date "2022.06.28"]
[WhiteClock "0:01:16"]
[BlackClock "0:00:01"]

1. e4 c5 2. Nf3 d6 3. d4 cxd4 4. Nxd4 Nf6 5. Nc3 a6 6. Bg5 e6 7. f4 Nbd7 8. Qf3 Qc7 9. O-O-O b5 10. Bd3 Bb7 11. Rhe1 O-O-O 12. Bxb5 axb5 13. Ndxb5 Qb6 14. Bh4 Nc5 15. Bf2 Be7 16. b4 Kb8 17. bxc5 dxc5 18. Rxd8+ Rxd8 19. Rd1 Rxd1+ 20. Kxd1 Nxe4 21. Nxe4 Qxb5 22. Qd3 Qxd3+ 23. cxd3 c4 24. Kc2 f5 25. Nc5 cxd3+ 26. Kxd3 Bxg2 27. Nxe6 g6 28. Ng5 h6 29. Nf7 Bf8 30. Ne5 Kc7 31. Nxg6 Bd6 32. Ne5 Bf1+ 33. Kd4 Ba3 34. Kd5 Bc1 35. Bg3 h5 36. h4 Bh3 37. Ke6 Bd2 38. Kf6 Be3 39. Kg5 Kd6 40. Nc4+ 1-0


[Site "https://www.chess.com"]

[Event "Titled Tuesday Blitz June 28 Early 2022"]
[White "Silva, Pedro Gil Ferreira Da"]
[Black "Kuzmin, Roman"]
[WhiteFideId "1946102"]
[BlackFideId "44134932"]
[WhiteElo "1863"]
[BlackElo "1968"]
[Result "0-1"]
[Round "08"]
[TimeControl "180+1"]
[Date "2022.06.28"]
[WhiteClock "0:01:06"]
[BlackClock "0:00:20"]

1. Nf3 Nf6 2. c4 c6 3. g3 d5 4. Bg2 e6 5. O-O Be7 6. b3 O-O 7. Bb2 b6 8. d4 Bb7 9. Nc3 Nbd7 10. Re1 c5 11. cxd5 exd5 12. Rc1 Re8 13. dxc5 Bxc5 14. Nb5 Qe7 15. Nc7 Bxf2+ 16. Kxf2 Ng4+ 17. Kf1 Ne3+ 18. Kg1 Nxd1 19. Rexd1 Qxe2 20. Nxe8 Qxb2 21. Nd6 Nc5 22. Nd4 Rd8 23. Nxb7 Nxb7 24. Nc6 Rf8 25. Ne7+ Kh8 26. Nxd5 Qxa2 27. Nc3 Qa6 28. Ra1 Na5 29. b4 Qc4 30. Nd5 Nc6 31. Rac1 Qb3 32. Rf1 Ne5 33. Rce1 Ng6 34. Re3 Qc4 35. Rfe1 a5 36. Nxb6 Qxb4 37. Nd7 Rg8 38. Re8 Qd4+ 39. Kh1 Qxd7 0-1


[Site "https://www.chess.com"]

[Event "Titled Tuesday Blitz June 28 Early 2022"]
[White "Simonovic, Miroslav"]
[Black "Petrova, Irina"]
[WhiteFideId "919152"]
[BlackFideId "14124122"]
[WhiteElo "2043"]
[BlackElo "1993"]
[Result "1-0"]
[Round "08"]
[TimeControl "180+1"]
[Date "2022.06.28"]
[WhiteClock "0:00:30"]
[BlackClock "0:00:16"]

1. d4 d6 2. Bg5 g6 3. h4 h5 4. c4 Bg7 5. Nc3 Nf6 6. e3 Nc6 7. Bxf6 Bxf6 8. f4 e5 9. Nf3 Bg4 10. dxe5 dxe5 11. Qxd8+ Rxd8 12. Nd5 Bg7 13. Nxc7+ Kd7 14. Nd5 exf4 15. exf4 Bxb2 16. Rb1 Rhe8+ 17. Kd2 Bxf3 18. gxf3 Bg7 19. Rxb7+ Ke6 20. Bh3+ Kd6 21. Rxf7 Bd4 22. Rb1 Kc5 23. Bf1 Bf2 24. Rb5+ Kd4 25. Rf6 Ne7 26. Nxe7 Rxe7 27. Rxg6 Be3+ 28. Kc2 Bxf4 29. Bd3 Ke3 30. Be4 Rd2+ 31. Kb3 Be5 32. Rg5 Rb2+ 33. Ka3 Bc3 34. Rxb2 Bxb2+ 35. Kxb2 Kf4 36. Rxh5 a5 37. Rxa5 Rh7 1-0


[Site "https://www.chess.com"]

[Event "Titled Tuesday Blitz June 28 Early 2022"]
[White "Sirosh, Ilja"]
[Black "Vifleemskaia, Svetlana"]
[WhiteFideId "4500458"]
[BlackFideId "4129490"]
[WhiteElo "2241"]
[BlackElo "1929"]
[Result "1-0"]
[Round "08"]
[TimeControl "180+1"]
[Date "2022.06.28"]
[WhiteClock "0:01:03"]
[BlackClock "0:00:46"]

1. c4 c5 2. Nf3 Nc6 3. Nc3 Nf6 4. g3 e5 5. Bg2 a6 6. O-O d6 7. d3 Nd4 8. Nxd4 cxd4 9. Nd5 Nxd5 10. Bxd5 h5 11. Qa4+ Bd7 12. Qb3 h4 13. Qxb7 hxg3 14. Qxa8 gxh2+ 15. Kh1 Bc8 16. Bd2 Bg4 17. Bxf7+ Kd7 18. Qxd8+ Kxd8 19. Bg5+ Kd7 20. f3 Bf5 21. Rf2 Be7 22. Bxe7 Kxe7 23. Bd5 Rb8 24. Rb1 a5 25. Rxh2 a4 26. Kg2 a3 27. b4 g6 28. Rh7+ Kf6 29. Kg3 Kg5 30. b5 Bh3 31. Rxh3 Rc8 32. Rbh1 Rd8 33. Rh6 e4 34. Bxe4 Rg8 35. Rxg6+ Rxg6 36. Bxg6 d5 37. cxd5 Kf6 38. b6 Ke5 39. Be4 Kd6 40. Rc1 Ke5 41. f4+ Kf6 42. Rc4 Kg7 43. Rxd4 Kh6 44. Ra4 Kh5 45. Rxa3 Kh6 46. Rc3 Kg7 47. a4 Kf6 48. a5 Ke7 49. a6 Kd6 50. a7 Ke7 51. b7 Kf7 52. Kg4 Kf6 53. d4 Kg7 54. Bf5 Kg8 55. Rc7 Kf8 56. d6 Ke8 57. e4 Kd8 58. e5 Ke8 59. Kg5 Kf8 60. d5 Kg8 61. e6 Kh8 62. Kf6 Kg8 63. e7 Kh8 64. d7 Kg8 65. Be6+ Kh8 66. Kf7 Kh7 67. f5 Kh6 68. f6 Kh5 69. d6 Kg5 70. a8=Q Kf4 71. b8=Q Ke5 72. d8=Q Kf4 73. e8=Q Kg3 74. Qdc8 Kf4 75. d7 Kg5 76. d8=Q Kh5 77. Kf8+ Kg5 78. f7+ Kh6 79. Kg8 Kg6 80. Rc1 Kh6 81. Rh1+ Kg6 82. Rg1+ Kh6 83. Kh8 Kh5 84. Rg8 Kh6 85. f8=Q# 1-0


[Site "https://www.chess.com"]

[Event "Titled Tuesday Blitz June 28 Early 2022"]
[White "Skliarov, Viktor"]
[Black "Garv Gaur"]
[WhiteFideId "14106736"]
[BlackFideId "45030839"]
[WhiteElo "2229"]
[BlackElo "1950"]
[Result "1-0"]
[Round "08"]
[TimeControl "180+1"]
[Date "2022.06.28"]
[WhiteClock "0:00:41"]
[BlackClock "0:00:50"]

1. e4 c6 2. d4 d5 3. e5 Bf5 4. Nf3 e6 5. Be2 Nd7 6. O-O Ne7 7. a4 h6 8. a5 a6 9. b4 g5 10. c3 Bg7 11. Ne1 Ng6 12. g4 Be4 13. f3 Bxb1 14. Rxb1 Qc7 15. Ng2 O-O-O 16. f4 gxf4 17. Nxf4 Nxf4 18. Bxf4 Rdg8 19. Kh1 Bf8 20. c4 dxc4 21. Bxc4 Be7 22. Qf3 Rh7 23. Rbc1 Kb8 24. b5 axb5 25. Bxb5 Qxa5 26. Bd3 Nb6 27. Bxh7 Rd8 28. Ra1 Qb4 29. Rfb1 Qxd4 30. Be3 Qd3 31. Bxd3 1-0


[Site "https://www.chess.com"]

[Event "Titled Tuesday Blitz June 28 Early 2022"]
[White "Snehal, Bhosale"]
[Black "Sarkar, Justin"]
[WhiteFideId "5021995"]
[BlackFideId "2010011"]
[WhiteElo "2103"]
[BlackElo "2020"]
[Result "0-1"]
[Round "08"]
[TimeControl "180+1"]
[Date "2022.06.28"]
[WhiteClock "0:00:22"]
[BlackClock "0:00:04"]

1. d4 Nf6 2. c4 e6 3. Nc3 Bb4 4. Qc2 c5 5. dxc5 Na6 6. a3 Bxc3+ 7. Qxc3 Nxc5 8. f3 d6 9. b4 Na4 10. Qb3 Bd7 11. Bg5 a5 12. Rd1 axb4 13. axb4 Qb6 14. Be3 Qc7 15. Bd4 e5 16. Bf2 b5 17. e4 O-O 18. Nh3 bxc4 19. Bxc4 Nb6 20. Bd5 Ba4 21. Qe3 Nbxd5 22. Rxd5 Nxd5 23. exd5 Qc4 24. Bh4 Bb5 25. Kf2 Qxh4+ 26. g3 Qxh3 27. Qb3 Rfc8 28. Ke3 Bc4 29. Qc3 Ra2 30. Ra1 Qh6+ 31. f4 exf4+ 32. gxf4 Qh3+ 33. Kd4 Qxc3+ 34. Kxc3 Rxa1 0-1


[Site "https://www.chess.com"]

[Event "Titled Tuesday Blitz June 28 Early 2022"]
[White "Sokolovsky, Yahli"]
[Black "Torres Cueto, Jesus Marcial"]
[WhiteFideId "2820242"]
[BlackFideId "4415280"]
[WhiteElo "1770"]
[BlackElo "2055"]
[Result "1-0"]
[Round "08"]
[TimeControl "180+1"]
[Date "2022.06.28"]
[WhiteClock "0:00:12"]
[BlackClock "0:00:20"]

1. b3 e5 2. Bb2 Nc6 3. e3 Nf6 4. Nf3 Qe7 5. Bb5 d6 6. O-O g6 7. d4 e4 8. d5 exf3 9. dxc6 b6 10. Qxf3 Bg7 11. Nc3 O-O 12. Nd5 Nxd5 13. Bxg7 Kxg7 14. Qxd5 Qf6 15. Rad1 Be6 16. Qd4 Rad8 17. Be2 Rfe8 18. c4 Bf5 19. Qxf6+ Kxf6 20. Bf3 Re5 21. Bd5 a5 22. Rd4 h5 23. e4 Bc8 24. f4 Ree8 25. e5+ Kg7 26. exd6 Rxd6 27. Kf2 Red8 28. Re4 Be6 29. Bxe6 fxe6 30. Rfe1 Kf6 31. h3 Rxc6 32. R1e2 Rcd6 33. g4 hxg4 34. hxg4 Rh8 35. Kg2 Rh4 36. Kg3 Rh1 37. Kg2 Rh4 38. g5+ Kf7 39. Kg3 Rh1 40. R4e3 Rhd1 41. Rh2 Kg7 42. Rhe2 Kf7 43. Kg4 Rg1+ 44. Kf3 Rgd1 45. Rh2 Kg7 46. Ree2 R1d3+ 47. Kg4 a4 48. Rh1 R3d4 49. Reh2 e5 50. Rh7+ Kf8 51. Rh8+ Ke7 52. R1h7+ Ke6 53. Re8# 1-0


[Site "https://www.chess.com"]

[Event "Titled Tuesday Blitz June 28 Early 2022"]
[White "Starozhilov, Leonid"]
[Black "Hollan, Petr"]
[WhiteFideId "14106752"]
[BlackFideId "360945"]
[WhiteElo "2414"]
[BlackElo "2284"]
[Result "1/2-1/2"]
[Round "08"]
[TimeControl "180+1"]
[Date "2022.06.28"]
[WhiteClock "0:00:09"]
[BlackClock "0:00:22"]

1. e4 c5 2. Nf3 Nc6 3. Bb5 e6 4. O-O Nge7 5. Re1 Nd4 6. Nxd4 cxd4 7. c3 a6 8. Bf1 Nc6 9. Na3 Bc5 10. Nc2 O-O 11. b4 Bb6 12. Bb2 e5 13. cxd4 exd4 14. Bc4 Ne5 15. d3 Nc6 16. a4 d6 17. b5 Ne5 18. Nxd4 Qf6 19. Qd2 Be6 20. bxa6 Bxc4 21. axb7 Rab8 22. Nc6 Be6 23. Nxb8 Rxb8 24. Bxe5 dxe5 25. a5 Ba7 26. a6 Qd8 27. Rec1 f6 28. Qc3 Qb6 29. Qc7 Qxf2+ 30. Kh1 h5 31. Qxb8+ Bxb8 32. Rc8+ Kh7 33. Rxb8 Bh3 34. Rg1 Bxg2+ 35. Rxg2 Qf1+ 36. Rg1 Qf3+ 37. Rg2 Qf1+ 38. Rg1 Qf3+ 39. Rg2 Qf1+ 1/2-1/2


[Site "https://www.chess.com"]

[Event "Titled Tuesday Blitz June 28 Early 2022"]
[White "Steinberg, Nitzan"]
[Black "Tifferet, Shaked"]
[WhiteFideId "2801795"]
[BlackFideId "2811529"]
[WhiteElo "2471"]
[BlackElo "2083"]
[Result "1-0"]
[Round "08"]
[TimeControl "180+1"]
[Date "2022.06.28"]
[WhiteClock "0:00:17"]
[BlackClock "0:00:02"]

1. Nf3 d5 2. d4 c6 3. g3 Nf6 4. Bg2 g6 5. O-O Bg7 6. b3 O-O 7. Bb2 a5 8. a3 Ne4 9. c4 a4 10. cxd5 cxd5 11. b4 Nd7 12. Nbd2 Nxd2 13. Nxd2 Nb6 14. Rc1 Bf5 15. Rc5 Qd6 16. Qa1 Rfc8 17. Rfc1 Bh6 18. e3 Be6 19. Bf1 Bd7 20. Qb1 e6 21. Qc2 Bf8 22. h4 Be8 23. Bd3 Qd8 24. Qd1 Nd7 25. Rxc8 Rxc8 26. Rxc8 Qxc8 27. Qxa4 Nb6 28. Qc2 Qa8 29. h5 Kg7 30. hxg6 hxg6 31. Kg2 Bd6 32. e4 Ba4 33. Qc1 Qd8 34. Nf3 Be7 35. Qf4 Bf6 36. e5 Be7 37. Bc1 Qh8 38. Ng5 Be8 39. Be2 Nc4 40. Qg4 Bd7 41. Nxf7 Kxf7 42. Bd3 Qh7 43. Bg5 Be8 44. a4 Bxg5 45. Qxg5 Qg7 46. a5 Bb5 47. Bc2 Ba6 48. Qd8 Qf8 49. Qf6+ Ke8 50. Bxg6+ 1-0


[Site "https://www.chess.com"]

[Event "Titled Tuesday Blitz June 28 Early 2022"]
[White "Thiel, Thomas"]
[Black "Li, Zhuoling"]
[WhiteFideId "4615964"]
[BlackFideId "8605629"]
[WhiteElo "2244"]
[BlackElo "2293"]
[Result "1/2-1/2"]
[Round "08"]
[TimeControl "180+1"]
[Date "2022.06.28"]
[WhiteClock "0:01:31"]
[BlackClock "0:00:04"]

1. e4 d5 2. exd5 Qd6 3. c4 c6 4. d4 cxd5 5. Nc3 Nf6 6. Nf3 Bg4 7. Qb3 Bxf3 8. gxf3 Nc6 9. cxd5 Nd8 10. Bb5+ Nd7 11. O-O a6 12. Bxd7+ Qxd7 13. Ne4 g6 14. Nc5 Qb5 15. Qxb5+ axb5 16. Re1 Bg7 17. d6 e6 18. Bg5 b6 19. d7+ Kf8 20. Bxd8 Rxd8 21. Ne4 Rxd7 22. Rac1 Bxd4 23. b3 Kg7 24. Kg2 h5 25. Rc6 e5 26. Nd6 Ra7 27. Re2 Rha8 28. Nxb5 Rxa2 29. Rxa2 Rxa2 30. Nxd4 exd4 31. Rxb6 Rb2 32. Rd6 Rxb3 33. Rxd4 f5 1/2-1/2


[Site "https://www.chess.com"]

[Event "Titled Tuesday Blitz June 28 Early 2022"]
[White "Thorhallsson, Simon"]
[Black "Zubritskiy, Artyom"]
[WhiteFideId "2310090"]
[BlackFideId "4181247"]
[WhiteElo "2137"]
[BlackElo "2478"]
[Result "1-0"]
[Round "08"]
[TimeControl "180+1"]
[Date "2022.06.28"]
[WhiteClock "0:01:21"]
[BlackClock "0:01:28"]

1. e4 c5 2. Nf3 Nf6 3. Nc3 Nc6 4. d4 d5 5. exd5 Nxd5 6. dxc5 Nxc3 7. Qxd8+ Nxd8 8. bxc3 f6 9. Bb5+ Bd7 10. a4 e5 11. Ba3 Rc8 12. O-O Ne6 13. Rfd1 Rc7 14. Rxd7 Rxd7 15. Rd1 1-0


[Site "https://www.chess.com"]

[Event "Titled Tuesday Blitz June 28 Early 2022"]
[White "Timofeev, Artyom"]
[Black "Popilski, Gil"]
[WhiteFideId "4140419"]
[BlackFideId "2809060"]
[WhiteElo "2578"]
[BlackElo "2537"]
[Result "1-0"]
[Round "08"]
[TimeControl "180+1"]
[Date "2022.06.28"]
[WhiteClock "0:00:04"]
[BlackClock "0:00:04"]

1. e4 c5 2. Nc3 d6 3. Nf3 a6 4. d4 cxd4 5. Nxd4 Nf6 6. a4 Nc6 7. Nxc6 bxc6 8. a5 g6 9. Be3 Bg7 10. Be2 O-O 11. O-O e5 12. Bc4 Bb7 13. Bb6 Qe7 14. Qf3 Kh8 15. Rad1 Ne8 16. Qd3 f5 17. f3 Bh6 18. Ne2 Rf6 19. Bf2 Bg5 20. Qb3 Ng7 21. f4 exf4 22. Bd4 fxe4 23. Bxf6 Bxf6 24. Nxf4 d5 25. Be2 Be5 26. Bg4 Bc8 27. Nxg6+ hxg6 28. Qh3+ Nh5 29. Bxc8 Kg7 30. Qe6 Qxe6 31. Bxe6 Nf4 32. Bd7 e3 33. Rfe1 e2 34. Rd2 Bxb2 35. Rdxe2 Nxe2+ 36. Rxe2 Bd4+ 37. Kh1 Rf8 38. g3 Rf6 39. Re7+ Kh6 40. Bc8 c5 41. Ra7 Bc3 42. Bxa6 Bxa5 43. Bb7 Bb6 44. Ra6 d4 45. Bd5 Rd6 46. Bc4 Kg5 47. Kg2 Bc7 48. Ra7 Bb6 49. Ra8 Rf6 50. h4+ Kh6 51. g4 g5 52. h5 Kg7 53. Rb8 Ba5 54. Rb7+ Kh8 55. Bd3 Bd2 56. Rh7+ Kg8 57. h6 Be3 58. Rg7+ Kh8 59. Rh7+ Kg8 60. Kg3 c4 61. Be4 Bf4+ 62. Kh3 d3 63. cxd3 cxd3 64. Bxd3 Be5 65. Be4 Bd6 66. Rg7+ Kh8 67. Rh7+ Kg8 68. Kg2 Bf8 69. Rd7 Bxh6 70. Bd5+ Kh8 71. Be4 Bf8 72. Bf5 Kg8 73. Kf3 Kh8 74. Ke4 Rd6 75. Rf7 Kg8 76. Rb7 Bg7 77. Rb8+ Kf7 78. Rb7+ Kg8 79. Bd7 Rd4+ 80. Kf5 Rd5+ 81. Kg6 Rd6+ 82. Kxg5 Bf8 83. Kf5 Bh6 84. Be6+ Kh8 85. Kf6 Rd1 86. Rb8+ Kh7 87. Bf5# 1-0


[Site "https://www.chess.com"]

[Event "Titled Tuesday Blitz June 28 Early 2022"]
[White "Vianello, Enrico"]
[Black "Winkels, Marcel"]
[WhiteFideId "810738"]
[BlackFideId "1003887"]
[WhiteElo "2222"]
[BlackElo "1900"]
[Result "1-0"]
[Round "08"]
[TimeControl "180+1"]
[Date "2022.06.28"]
[WhiteClock "0:01:38"]
[BlackClock "0:00:11"]

1. Nf3 Nf6 2. c4 g6 3. Nc3 Bg7 4. g3 d6 5. Bg2 O-O 6. O-O c5 7. b3 Nc6 8. Bb2 e5 9. d3 h6 10. Nd5 Nxd5 11. cxd5 Ne7 12. Nd2 f5 13. f4 Bd7 14. e4 fxe4 15. dxe4 exf4 16. Bxg7 Kxg7 17. gxf4 b5 18. Qe2 Qb6 19. Kh1 Rac8 20. Rac1 Rce8 21. Qd3 b4 22. Nc4 Qa6 23. e5 Bb5 24. Be4 Bxc4 25. bxc4 Nf5 26. Rg1 Kh7 27. e6 Qb7 28. Rc2 a5 29. Rcg2 Nh4 30. Bxg6+ Kh8 31. Bxe8 Nxg2 32. Qg6 Nxf4 33. Qxh6+ 1-0


[Site "https://www.chess.com"]

[Event "Titled Tuesday Blitz June 28 Early 2022"]
[White "Vidonyak, Roman"]
[Black "Marin Ramirez, Gerardo"]
[WhiteFideId "14100622"]
[BlackFideId "3901068"]
[WhiteElo "2324"]
[BlackElo "1920"]
[Result "1-0"]
[Round "08"]
[TimeControl "180+1"]
[Date "2022.06.28"]
[WhiteClock "0:00:02"]
[BlackClock "0:00:03"]

1. d4 d5 2. c4 c6 3. Nf3 Nf6 4. Nc3 e6 5. g3 Bb4 6. Bg2 Qa5 7. Bd2 Ne4 8. Nxe4 dxe4 9. Bxb4 Qxb4+ 10. Nd2 f5 11. O-O O-O 12. a3 Qe7 13. Qc2 Nd7 14. b4 e5 15. d5 Nf6 16. dxc6 bxc6 17. e3 Be6 18. Rfd1 Rfd8 19. Nb3 Qf7 20. Na5 Qc7 21. Qc3 c5 22. b5 Nd7 23. Nc6 Re8 24. Rd2 Bf7 25. Rad1 Nb6 26. Bf1 a6 27. Rd6 h6 28. Be2 f4 29. exf4 exf4 30. gxf4 axb5 31. cxb5 c4 32. Qb4 e3 33. fxe3 Rxe3 34. Rd8+ Rxd8 35. Rxd8+ Kh7 36. Qb1+ Bg6 37. Qd1 Qxf4 38. Rd4 Qg5+ 39. Rg4 Qf5 40. Nd4 Qe5 41. Rg2 Nd5 42. Nf3 Qe7 43. Qxd5 Rxe2 44. Rxe2 Qxe2 45. b6 c3 46. b7 c2 47. Qc5 Qd1+ 48. Kg2 c1=Q 49. Qxc1 Qxc1 50. b8=Q Be4 51. Qb3 Qg5+ 52. Kf2 Qg4 53. a4 Qf4 54. a5 1-0


[Site "https://www.chess.com"]

[Event "Titled Tuesday Blitz June 28 Early 2022"]
[White "Vokhidov, Shamsiddin"]
[Black "Narayanan, Srinath"]
[WhiteFideId "14204223"]
[BlackFideId "5018420"]
[WhiteElo "2918"]
[BlackElo "2773"]
[Result "1-0"]
[Round "08"]
[TimeControl "180+1"]
[Date "2022.06.28"]
[WhiteClock "0:01:34"]
[BlackClock "0:01:41"]

1. e4 e5 2. Nf3 Nc6 3. Nc3 Nf6 4. a3 d5 5. Bb5 Nxe4 6. Qe2 Nxc3 7. Qxe5+ Be6 8. Qxc3 Bd7 9. O-O Qf6 10. Re1+ Be7 11. Qxf6 gxf6 12. d4 Kd8 13. Bf4 Ne5 14. Nxe5 fxe5 15. Bxe5 f6 16. Bxc7+ Ke8 17. Bd6 Bxb5 18. Rxe7+ Kd8 19. Rxb7 Bc6 20. Rc7 Rc8 21. Rxa7 Bd7 22. Bc5 Re8 23. Bb6+ Ke7 24. Re1+ Kd6 25. Bc5+ Kc6 26. Rxe8 Rxe8 27. f3 Re2 28. Ra6+ Kb7 29. Rxf6 Rxc2 30. Rf7 Kc6 31. Rxh7 Rxb2 32. h4 Bf5 33. Rh6+ Kc7 34. h5 Bd3 35. Re6 Rb1+ 36. Kh2 Rb2 37. h6 1-0


[Site "https://www.chess.com"]

[Event "Titled Tuesday Blitz June 28 Early 2022"]
[White "Warmerdam, Max"]
[Black "Marjanovic, Annamaria"]
[WhiteFideId "1048104"]
[BlackFideId "750930"]
[WhiteElo "2537"]
[BlackElo "2156"]
[Result "1-0"]
[Round "08"]
[TimeControl "180+1"]
[Date "2022.06.28"]
[WhiteClock "0:00:36"]
[BlackClock "0:00:10"]

1. e4 c6 2. d4 d5 3. e5 c5 4. Nf3 Nc6 5. Bb5 Bd7 6. c3 e6 7. Bxc6 Bxc6 8. O-O Ne7 9. dxc5 Ng6 10. Be3 Qc7 11. Bd4 Bb5 12. Re1 Bxc5 13. Bxc5 Qxc5 14. Nd4 Ba6 15. Nd2 O-O 16. N2f3 b5 17. a3 Bb7 18. h4 h6 19. Qd3 a6 20. Nxe6 fxe6 21. Qxg6 Rae8 22. Nd4 Qe7 23. Re3 Qxh4 24. Rg3 Rf7 25. Nxe6 Qe7 26. Nd4 Qxe5 27. Re3 Qb8 28. Rae1 Ref8 29. f3 Bc8 30. Re8 Qc7 31. R1e2 Qf4 32. Kf2 Qh4+ 33. Qg3 Qxg3+ 34. Kxg3 Rxe8 35. Rxe8+ Rf8 36. Rxf8+ Kxf8 37. Kf4 Ke7 38. Ke5 Bb7 39. Nf5+ Kf8 40. Ne3 d4 41. cxd4 Kf7 42. d5 Ke7 43. Nf5+ Kf8 44. b4 g6 45. Nxh6 Kg7 46. Ng4 Kf7 47. Ne3 Ke7 48. f4 Bc8 49. g4 Bd7 50. g5 Bh3 51. f5 gxf5 52. Nxf5+ Kf7 53. d6 1-0


[Site "https://www.chess.com"]